 Dungeon Sprint DCSS version 0.21.1-1-g345015f (webtiles) character file.

177 wilfster70 the Grappler (level 5, -5/45 HPs)
             Began as a Troll Wizard on June 12, 2018.
             Was an Initiate of Vehumet.
             Slain by an earth elemental (31 damage)
             ... summoned by a deep elf mage
             ... in the Dungeon (Sprint III: "The Ten Rune Challenge").
             The game lasted 00:01:58 (226 turns).

wilfster70 the Grappler (Troll Wizard)               Turns: 226, Time: 00:01:58

Health: -5/45      AC:  5    Str: 15    XL:     5   Next: 31%
Magic:  7/7        EV: 11    Int: 15    God:    Vehumet [......]
Gold:   24         SH:  0    Dex:  8    Spells: 7/8 levels left

rFire    . . .     SeeInvis .     - Unarmed
rCold    . . .     Gourm    +   (no shield)
rNeg     . . .     Faith    .   a - +0 robe
rPois    .         Spirit   .   b - +0 hat
rElec    .         Reflect  .   (no cloak)
rCorr    .         Harm     .   (gloves unavailable)
MR       .....     NoTele   +   (boots unavailable)
Stlth    +.........             (no amulet)
HPRegen  0.55/turn              (no ring)
MPRegen  0.10/turn              (no ring)

@: no status effects
A: large, unfitting armour, claws 3, fast metabolism 3, gourmand, regeneration
1, shaggy fur 1, tough skin 2
a: Renounce Religion


You were in the Dungeon.
You worshipped Vehumet.
Vehumet was noncommittal.
You were not hungry.

You visited 1 branch You collected 24 gold pieces.

Inventory:

Armour
 a - a +0 robe (worn)
 b - a +0 hat (worn)
Scrolls
 j - a scroll of blinking
 k - a scroll of enchant weapon {unknown}
Potions
 e - a potion of curing
 f - a potion of heal wounds
 g - a potion of haste
 h - 2 potions of magic
 i - a potion of berserk rage
Books
 c - a book of Minor Magic

   Spells                             Type                      Level
   a - Magic Dart                     Conjuration                  1
   b - Blink                          Translocation                2
   c - Call Imp                       Summoning                    2
   d - Slow                           Hexes                        2
   e - Conjure Flame                  Conjuration/Fire             3
   f - Mephitic Cloud                 Conjuration/Poison/Air       3
 l - a book of Misfortune

   Spells                             Type                      Level
   a - Confusing Touch                Hexes                        1
   b - Confuse                        Hexes                        3
   c - Gell's Gravitas                Translocation                3
   d - Petrify                        Transmutation/Earth          4
   e - Metabolic Englaciation         Hexes/Ice                    5
   f - Yara's Violent Unravelling     Hexes/Transmutation          5
Comestibles
 d - 2 rations


   Skills:
 + Level 4.7 Dodging
 - Level 1.3 Stealth
 + Level 9.0 Unarmed Combat
 - Level 2.2 Spellcasting
 - Level 1.2 Conjurations
   Level 0.6 Summonings
   Level 0.6 Translocations


You had 7 spell levels left.
You knew the following spells:

 Your Spells              Type           Power        Failure   Level  Hunger
a - Magic Dart            Conj           #...         13%         1    #......


Dungeon Overview and Level Annotations

Branches:
Dungeon (1/1)

Altars:
Elyvilon
Kikubaaqudgha
Sif Muna
Vehumet
Zin
The Shining One


Innate Abilities, Weirdness & Mutations

You are too large for most types of armour.
You have claws for hands.
Your metabolism is lightning-fast.
You like to eat raw meat.
Your natural rate of healing is unusually fast.
You are covered in fur. (AC +1)
You have very tough skin. (AC +2)


Message History

You see here a potion of curing.
The earth elemental hits you.
You scratch the earth elemental but do no damage.
The deep elf mage gestures wildly while chanting.
The deep elf mage blinks!
You scratch the earth elemental but do no damage.
The earth elemental completely misses you.
You scratch the earth elemental but do no damage.
You scratch the earth elemental but do no damage.
The earth elemental hits you.
You scratch the earth elemental but do no damage.
The earth elemental closely misses you.
You scratch the earth elemental but do no damage.
The earth elemental closely misses you.
You claw the earth elemental!
The earth elemental is lightly damaged.
The deep elf mage mumbles some strange words.
The deep elf mage blinks!
The earth elemental hits you!!
Ouch! That really hurt!
You die...

▓▓▓▓▓▓▓ ▓▓▓ +.....♣♣
♣.##### #......♣ ♣.#__E#
###....♣.♣ ♣♣.#!@.#
..#....≈.♣ ♣..###E#+###+
..#...≈≈.♣♣♣♣.#..........
..#..≈≈≈≈..♣♣.'.⌠e.......
#'#..≈≈≈≈≈≈...#...######+
..#.≈≈≈≈≈≈....#.⌠.#
..#.≈≈≈≈≈.....#...#
..#.≈≈≈.......#'###
###...........#)).#


You could see 2 earth elementals and a deep elf mage.

Vanquished Creatures
  A water elemental (D)
  A scorpion (D)
  A wizard (D)
  A kobold demonologist (D)
  A human (D)
  2 oozes (D)
  2 rats (D)
9 creatures vanquished.

Vanquished Creatures (others)
  2 yaktaurs (D)
  6 hellions (D)
8 creatures vanquished.

Grand Total: 17 creatures vanquished

Notes
Turn   | Place    | Note
-------+----------+-------------------------------------------
     0 | D        | wilfster70 the Troll Wizard began the quest for the Orb.
     0 | D        | Reached XP level 1. HP: 16/16 MP: 2/2
     6 | D        | Reached skill level 1 in Conjurations
     9 | D        | Reached skill level 2 in Unarmed Combat
     9 | D        | Reached XP level 2. HP: 24/24 MP: 4/4
    18 | D        | Killed a yaktaur
    64 | D        | Reached skill level 4 in Unarmed Combat
    64 | D        | Reached XP level 3. HP: 24/31 MP: 5/5
    84 | D        | Killed a hellion
    84 | D        | Killed a hellion
    85 | D        | Killed a hellion
    88 | D        | Noticed a scorpion
   117 | D        | Killed a scorpion
   117 | D        | Reached skill level 7 in Unarmed Combat
   117 | D        | Reached XP level 4. HP: 36/39 MP: 6/6
   118 | D        | Killed a hellion
   120 | D        | Killed a hellion
   145 | D        | Noticed a water elemental
   149 | D        | Killed a yaktaur
   150 | D        | Killed a water elemental
   150 | D        | Reached skill level 8 in Unarmed Combat
   168 | D        | Killed a hellion
   188 | D        | Found a radiant altar of Vehumet.
   189 | D        | Found a deep blue altar of Sif Muna.
   189 | D        | Found an ancient bone altar of Kikubaaqudgha.
   189 | D        | Noticed a wizard
   192 | D        | Killed a wizard
   192 | D        | Reached XP level 5. HP: 39/45 MP: 7/7
   193 | D        | Reached skill level 9 in Unarmed Combat
   204 | D        | Became a worshipper of Vehumet
   212 | D        | Found a glowing silver altar of Zin.
   213 | D        | Found a glowing golden altar of the Shining One.
   213 | D        | Found a white marble altar of Elyvilon.
   213 | D        | Noticed a deep elf mage
   226 | D        | Slain by an earth elemental

Skill      XL: |  1  2  3  4  5 |
---------------+----------------+-----
Dodging        | 2 4 |  4.7
Conjurations   | 1 |  1.2
Unarmed Combat | 2 4 7 8 9 |  9.0
Stealth        | |  1.3
Spellcasting   | |  2.2
Summonings     | |  0.6
Translocations | |  0.6

Action                   |  1- 3 |  4- 6 || total
-------------------------+-------+-------++-------
Melee: Unarmed           |    37 |    16 ||    53
 Stab: Sleeping          |     1 |     2 ||     3
  Eat: Chunk             |     2 |       ||     2
Armor: Robe              |     8 |       ||     8
Dodge: Dodged            |    16 |     4 ||    20
